AoeStats
← F e m t o

Migration

510213521Analyzed
1v1 RM · 3d ago on Sep 30, 2026· 71m 32s· 2 players
Game mode
Random Map
Map size
132×132
Population
200
Speed
Normal
Resources
Standard
Victory
Conquest
Starting age
Dark Age
Ending age
Imperial Age
RankedLock teamsTeams togetherTeam positionsShared explorationLock speedFull tech treeHidden civsTurbo modeCheats
Victory
Defeat
🇺🇸 Byzantines · United States
1010
+14
🇨🇱 Saxons · Chile
972
-14
F e m t o
10:11 Feudal Age
10:49 Loom
10:55 Horse Collar
17:23 Castle Age
21:31 Scale Mail Armor
22:48 Gambesons
24:06 Pikeman
25:04 Fletching
26:51 Heavy Plow
33:39 Wheelbarrow
37:24 Imperial Age
37:27 Forging
37:33 Chain Mail Armor
37:16 Bodkin Arrow
38:35 Halberdier
40:17 Hand Cart
39:48 Town Watch
40:03 Double-Bit Axe
41:33 Chemistry
40:59 Bow Saw
42:05 Guilds
42:33 Stone Mining
42:33 Gold Mining
42:39 Gold Mining
44:17 Bracer
47:18 Ballistics
49:26 Chemistry
48:49 Fishing Lines
50:38 Shipwright
50:29 Careening
51:00 Gold Shaft Mining
50:44 Squires
51:16 Siege Engineers
52:58 Plate Mail Armor
53:04 Iron Casting
52:04 Clerical Recruitment
53:08 Conscription
54:33 Town Patrol
54:50 Elite Longship
58:23 Block Printing
60:14 Heated Shot
60:35 Masonry
60:07 Cranequins
60:11 Crossbowman
60:57 Thumb Ring
62:52 Two-Man Saw
62:35 Guard Tower
62:31 Arrowslits
63:47 Clerical Recruitment
71:23 Illumination
duckiesforever
12:31 Feudal Age
13:03 Fishing Lines
14:01 Double-Bit Axe
17:22 Castle Age
16:15 Stone Mining
20:49 Stone Shaft Mining
20:43 Fletching
22:19 Loom
25:33 Horse Collar
27:00 Wheelbarrow
26:26 Gillnets
27:21 Gold Mining
29:02 Bow Saw
28:57 Husbandry
32:02 Imperial Age
29:43 Bodkin Arrow
29:54 Scale Barding Armor
30:42 Hand Cart
34:15 Chemistry
34:19 Gold Shaft Mining
33:46 Heavy Plow
34:50 Two-Man Saw
34:28 Conscription
34:08 Treadmill Crane
35:01 Forging
36:52 Crop Rotation
38:14 Chain Barding Armor
38:30 Iron Casting
39:41 Elite Cataphract
42:05 Plate Barding Armor
48:37 Medium Warships
47:51 Demolition Ship
48:08 Demolition Ship
48:35 Heavy Demolition Ship
49:57 Shipwright
49:50 Clinker Construction
49:49 Siphons
49:56 Careening
50:09 Ballistics
49:56 Greek Fire
51:16 Heavy Warships
52:16 Carvel Hull
61:17 Dry Dock
Connection lost

Rejoining the realm…

Still unreachable

The connection could not be restored.

Session expired

The server has moved on; the page needs a fresh start.